 Dungeon Crawl Stone Soup version 0.20.0-7-g3b7b877 (webtiles) character file.

119 Inarius the Stinger (level 4, -2/33 HPs)
             Began as a Draconian Venom Mage on May 29, 2017.
             Was an Initiate of Vehumet.
             Slain by a wight
             ... wielding a +0 battleaxe
              (10 damage)
             ... on level 3 of the Dungeon.
             The game lasted 00:08:20 (2114 turns).

Inarius the Stinger (Draconian Venom Mage)          Turns: 2114, Time: 00:08:20

Health: -2/33      AC:  5    Str: 10    XL:     4   Next: 74%
Magic:  8/8        EV: 12    Int: 17    God:    Vehumet [......]
Gold:   182        SH:  0    Dex: 13    Spells: 5/8 levels left

rFire    . . .     SeeInvis .   p - -1 short sword (curse)
rCold    . . .     Gourm    .   (no shield)
rNeg     . . .     Faith    .   (armour unavailable)
rPois    .         Spirit   .   (helmet restricted)
rElec    .         Reflect  .   (no cloak)
rCorr    .         Harm     .   (no gloves)
MR       .....                  (no boots)
Stlth    ++........             h - amulet of rage
Regen    0.2/turn               f - +2 ring of dexterity
MPRegen  0.2/turn               j - ring of wizardry

@: berserk cooldown, slowed, very slow
A: unfitting armour, cold-blooded, AC +5
a: Renounce Religion, Evoke Berserk Rage


You were on level 3 of the Dungeon.
You worshipped Vehumet.
Vehumet was noncommittal.
You were hungry.

You visited 1 branch of the dungeon, and saw 3 of its levels.

You collected 182 gold pieces.

Inventory:

Hand Weapons
 c - a +0 dagger
 p - a cursed -1 short sword (weapon)
Jewellery
 f - a +2 ring of dexterity (left hand)
 h - an amulet of rage (around neck)
 j - a ring of wizardry (right hand)
 t - an uncursed ring of positive energy
Scrolls
 e - 2 scrolls of teleportation
 k - a scroll of recharging
 m - 2 scrolls of enchant armour
 o - a scroll of amnesia
Potions
 d - 2 potions of curing
 g - 2 potions of brilliance
 q - a potion of haste
 r - a potion of flight {unknown}
 s - a potion of agility {unknown}
Books
 a - a Young Poisoner's Handbook

   Spells                             Type                      Level
   a - Sting                          Conjuration/Poison           1
   b - Poisonous Vapours              Poison/Air                   2
   c - Mephitic Cloud                 Conjuration/Poison/Air       3
   d - Olgreb's Toxic Radiance        Poison                       4
   e - Venom Bolt                     Conjuration/Poison           5
Comestibles
 b - a bread ration
 i - a fruit
 l - 8 chunks of flesh
 n - 2 royal jellies


   Skills:
 + Level 0.2 Fighting
 * Level 2.2 Dodging
 - Level 1.7 Stealth
 + Level 2.8 Spellcasting
 * Level 2.2 Conjurations
 + Level 0.6 Air Magic
 + Level 4.0 Poison Magic


You had 5 spell levels left.
You knew the following spells:

 Your Spells              Type           Power        Failure   Level  Hunger
a - Sting                 Conj/Pois      ##..         1%          1    #......
b - Poisonous Vapours     Pois/Air       ##....       4%          2    ##.....


Dungeon Overview and Level Annotations

Branches:
Dungeon (3/15)

Altars:
Ashenzari
Gozag
Vehumet


Innate Abilities, Weirdness & Mutations

Your plain brown scales are hard. (AC +5)
You cannot fit into any form of body armour.
You are cold-blooded and may be slowed by cold attacks.


Message History

You are no longer berserk.
You are exhausted.
You feel yourself slow down.
l - 8 chunks of flesh (gained 3)
Things that are here:
a dagger; an enchanted hand axe; a robe A wight comes into view.
It is wielding a battleaxe.
The goblin shouts!
A wight comes into view. It is wielding an enchanted halberd.
The wight misses you.
You barely miss the goblin. The wight hits you with a battleaxe.
The wight barely misses you. The goblin hits you but does no damage.
You completely miss the wight. The goblin hits you with a club.
The wight hits you from afar with an enchanted halberd.
The wight closely misses you. The goblin closely misses you.
The wight hits you from afar with an enchanted halberd!
* * * LOW HITPOINT WARNING * * *
The wight closely misses you.
You closely miss the wight. The wight hits you with a battleaxe!
You die...

#.#########.. #.
#.##.....#### .. #.#
###.#.......### ... #.#
#..[..)......#. #.# #.#
#.#........÷... #..# #.#
##.......<....## #...#.#
##.###.........#
###...#.###..#.#.........#
........gz@.#.♣.#.......##
####.#.###..#.#.........#
#...##)###.........##
.##.###(............. ..
.z.###.........)## #.. ..#
#..........# ...
<.)...#.....>.## ####
.######.....## ## #######


You could see a wight and a goblin.

Vanquished Creatures
  A wight (D:3)
  A gnoll (D:1)
  2 adders
  A worm (D:3)
  3 dart slugs
  A leopard gecko (D:3)
  2 ball pythons
  4 bats
  6 goblins
  9 hobgoblins
  3 frilled lizards
  6 kobolds
  3 rats
42 creatures vanquished.

Notes
Turn   | Place    | Note
-------+----------+-------------------------------------------
     0 | D:1      | Inarius the Draconian Venom Mage began the quest for the Orb.
     0 | D:1      | Reached XP level 1. HP: 14/14 MP: 3/3
    79 | D:1      | Reached XP level 2. HP: 20/20 MP: 0/5
   171 | D:1      | Learned a level 2 spell: Poisonous Vapours
   776 | D:1      | Reached XP level 3. HP: 26/26 MP: 3/6
  1678 | D:2      | Found a radiant altar of Vehumet.
  1679 | D:2      | Found an opulent altar of Gozag.
  1680 | D:2      | Found a shattered altar of Ashenzari.
  1686 | D:2      | Became a worshipper of Vehumet
  1953 | D:3      | Reached XP level 4. HP: 28/33 MP: 1/8
  2022 | D:3      | Found an opulent altar of Gozag.
  2096 | D:3      | Reached skill level 4 in Poison Magic
  2114 | D:3      | Slain by a wight

Skill      XL: |  1  2  3  4 |
---------------+-------------+-----
Dodging        | 2 |  2.2
Conjurations   | 2 |  2.2
Poison Magic   | 4 |  4.0
Fighting       | |  0.2
Stealth        | |  1.7
Spellcasting   | |  2.8
Air Magic      | |  0.6

Action                   |  1- 3 |  4- 6 || total
-------------------------+-------+-------++-------
Melee: Dagger            |    39 |       ||    39
       Short sword       |     3 |    14 ||    17
       Tailslap          |     3 |     1 ||     4
 Cast: Sting             |    54 |       ||    54
       Poisonous Vapours |     7 |     1 ||     8
 Abil: Evoke Berserk Rag |       |     1 ||     1
  Use: Scroll            |     9 |       ||     9
  Eat: Chunk             |     4 |     1 ||     5
Armor: Skin              |     7 |     1 ||     8
Dodge: Dodged            |    24 |     9 ||    33
